[Event "January 9 Late 2024"]
[Site "https://www.chess.com"]
[Date "2024.01.09"]
[Round "2"]
[White "Yurovskykh, Oleksandr"]
[Black "Pranav, V"]
[Result "0-1"]
[Board "20"]
[TimeControl "180+1"]
[WhiteFideId "14134020"]
[BlackFideId "25060783"]
[WhiteElo "2663"]
[BlackElo "3037"]
[WhiteTeam "UKR"]
[BlackTeam "IND"]
[WhiteClock "0:00:09"]
[BlackClock "0:01:10"]

1. d4 Nf6 2. Nf3 e6 3. Bf4 b6 4. e3 Bb7 5. Bd3 Bd6 6. Bxd6 cxd6 7. O-O O-O 8. Nbd2 Nc6 9. c3 d5 10. Qe2 d6 11. e4 dxe4 12. Nxe4 Nd5 13. g3 h6 14. Rfe1 Re8 15. Ba6 Bxa6 16. Qxa6 Qd7 17. Qe2 Rad8 18. Rad1 Qb7 19. Nfd2 f5 20. c4 Ndb4 21. Nc3 Nxd4 22. Qh5 Nbc2 23. Rf1 Kh7 24. Rc1 Nb4 25. Qd1 Nd3 26. Rb1 Rf8 27. f4 e5 28. Nf3 Nxf3+ 29. Rxf3 e4 30. Rxd3 exd3 31. Qxd3 Qc6 32. Nd5 Rde8 33. Kg2 Re4 34. b3 Rfe8 35. Rb2 Qc5 36. Rd2 Qc8 37. a4 Qe6 38. Nc7 Re2+ 39. Kh3 Rxd2 40. Qxd2 Qe2 41. Qxe2 Rxe2 42. Nb5 a5 43. Nxd6 Rb2 44. Nxf5 Rxb3 45. Ne7 Rb4 46. Nd5 Rxc4 47. Nxb6 Rb4 48. Nd7 Rxa4 49. Nc5 Rb4 0-1

[Event "January 9 Late 2024"]
[Site "https://www.chess.com"]
[Date "2024.01.09"]
[Round "2"]
[White "Erigaisi Arjun"]
[Black "Ozates, Tuna"]
[Result "0-1"]
[Board "21"]
[TimeControl "180+1"]
[WhiteFideId "35009192"]
[BlackFideId "6354521"]
[WhiteElo "3035"]
[BlackElo "2663"]
[WhiteTeam "IND"]
[BlackTeam "TUR"]
[WhiteClock "0:00:29"]
[BlackClock "0:00:13"]

1. Nf3 c5 2. b3 Nc6 3. Bb2 d6 4. e4 e5 5. Bb5 g5 6. h3 Bg7 7. c3 h5 8. d3 g4 9. hxg4 hxg4 10. Rxh8 Bxh8 11. Nfd2 Qh4 12. Nf1 Bd7 13. Nbd2 O-O-O 14. Nc4 Kc7 15. Nce3 Nge7 16. Ng3 Bg7 17. Bxc6 bxc6 18. b4 Bh6 19. Nef1 cxb4 20. Qa4 Rb8 21. Qxa7+ Rb7 22. Qa5+ Kc8 23. cxb4 f5 24. exf5 Nxf5 25. Nxf5 Bxf5 26. Qa6 Kc7 27. Bc1 g3 28. Qa5+ Kd7 29. Nxg3 Qd4 30. Qa8 Ra7 31. Qg8 Qc3+ 32. Kf1 Qxa1 33. Qf7+ Kd8 34. Qf6+ Re7 35. Qxd6+ Ke8 36. Qxh6 Bxd3+ 37. Kg1 Qc3 38. Bg5 Qe1+ 39. Kh2 Rh7 40. Qxh7 Bxh7 41. f3 Qxb4 0-1

[Event "January 9 Late 2024"]
[Site "https://www.chess.com"]
[Date "2024.01.09"]
[Round "2"]
[White "Theodorou, Nikolas"]
[Black "Barp, Alberto"]
[Result "1-0"]
[Board "22"]
[TimeControl "180+1"]
[WhiteFideId "4262875"]
[BlackFideId "872555"]
[WhiteElo "3026"]
[BlackElo "2661"]
[WhiteTeam "GRE"]
[BlackTeam "ITA"]
[WhiteClock "0:00:23"]
[BlackClock "0:00:13"]

1. Nf3 d5 2. b3 Nf6 3. Bb2 e6 4. g3 g6 5. Bg2 Bg7 6. c4 O-O 7. O-O c5 8. e3 Nc6 9. Na3 b6 10. d4 cxd4 11. exd4 Bb7 12. Qe2 Qe7 13. Nb5 Rfd8 14. Rad1 dxc4 15. bxc4 a6 16. Ba3 Nb4 17. Nc3 a5 18. d5 Rac8 19. Rfe1 Ba6 20. dxe6 Qxe6 21. Qxe6 fxe6 22. Bh3 Bxc4 23. Ne5 Rxd1 24. Rxd1 Nxa2 25. Nxc4 Nxc3 26. Bxe6+ Kh8 27. Re1 Nfe4 28. Bxc8 Bd4 29. Kg2 1-0

[Event "January 9 Late 2024"]
[Site "https://www.chess.com"]
[Date "2024.01.09"]
[Round "2"]
[White "Wadsworth, Matthew J"]
[Black "Paravyan, David"]
[Result "0-1"]
[Board "23"]
[TimeControl "180+1"]
[WhiteFideId "415804"]
[BlackFideId "4194985"]
[WhiteElo "2655"]
[BlackElo "3022"]
[WhiteTeam "ENG"]
[BlackTeam "FID"]
[WhiteClock "0:00:07"]
[BlackClock "0:01:01"]

1. Nf3 d5 2. g3 g6 3. Bg2 Bg7 4. d4 Nf6 5. O-O O-O 6. c4 dxc4 7. Na3 c5 8. Nxc4 Be6 9. Ne3 Nc6 10. dxc5 Qxd1 11. Rxd1 Ne4 12. Nd5 Rad8 13. Ne3 Nxc5 14. Ng5 Rxd1+ 15. Nxd1 Bg4 16. Be3 Na4 17. Bxc6 bxc6 18. f3 Bf5 19. Rc1 Nxb2 20. Nxb2 Bxb2 21. Rxc6 Rd8 22. Ra6 h6 23. Ne4 Bxe4 24. fxe4 Bd4 25. Bxd4 Rxd4 26. Rxa7 Rxe4 27. Kf2 Kg7 28. h4 g5 29. hxg5 hxg5 30. a4 f5 31. a5 Kf6 32. Ra8 Ra4 33. a6 Ke5 34. a7 g4 35. Ke3 Ra3+ 36. Kd2 Ke4 37. Kc2 Ke3 38. Rf8 Rxa7 39. Rxf5 Kxe2 40. Rf4 Rc7+ 41. Kb3 e5 42. Rxg4 Kd3 43. Rg8 Rb7+ 44. Ka2 e4 45. Rd8+ Ke2 46. g4 Rg7 0-1

[Event "January 9 Late 2024"]
[Site "https://www.chess.com"]
[Date "2024.01.09"]
[Round "2"]
[White "Van Foreest, Jorden"]
[Black "Vestby-Ellingsen, Mads"]
[Result "1-0"]
[Board "24"]
[TimeControl "180+1"]
[WhiteFideId "1039784"]
[BlackFideId "1520857"]
[WhiteElo "3021"]
[BlackElo "2652"]
[WhiteTeam "NED"]
[BlackTeam "NOR"]
[WhiteClock "0:01:06"]
[BlackClock "0:00:00"]

1. e4 c5 2. Nf3 d6 3. d4 cxd4 4. Nxd4 Nf6 5. Nc3 Bd7 6. Be3 Ng4 7. Bg5 h6 8. Bh4 g5 9. Bg3 Bg7 10. Be2 Ne5 11. h4 g4 12. Qd2 Nbc6 13. Nf5 Bxf5 14. exf5 h5 15. Nd5 Qd7 16. f6 exf6 17. O-O-O O-O-O 18. Kb1 Kb8 19. Bf4 Rhe8 20. Rc1 Ng6 21. Be3 f5 22. Bg5 Rc8 23. Rhd1 Nd4 24. Bf1 Ne6 25. Be3 Nc5 26. f3 Qe6 27. Bb5 Red8 28. Bg5 f6 29. Re1 Qf7 30. Be3 Ne5 31. Rf1 Ned3 32. cxd3 Qxd5 33. Bc4 Qc6 34. d4 f4 35. Bxf4 Nd7 36. Be6 Qb6 37. Rxc8+ Kxc8 38. Rc1+ Kb8 39. Qc3 Qb5 40. Qc7+ 1-0

[Event "January 9 Late 2024"]
[Site "https://www.chess.com"]
[Date "2024.01.09"]
[Round "2"]
[White "Rama, Tejas"]
[Black "Svane, Rasmus"]
[Result "0-1"]
[Board "25"]
[TimeControl "180+1"]
[WhiteFideId "30907381"]
[BlackFideId "4657101"]
[WhiteElo "2652"]
[BlackElo "3012"]
[WhiteTeam "USA"]
[BlackTeam "GER"]
[WhiteClock "0:00:16"]
[BlackClock "0:01:18"]

1. d4 Nf6 2. c4 e6 3. Nf3 d5 4. Nc3 a6 5. c5 Nc6 6. Bf4 Nh5 7. Bg5 Be7 8. Bxe7 Qxe7 9. e3 Nf6 10. Bd3 e5 11. Nxe5 Nxe5 12. dxe5 Qxe5 13. Be2 O-O 14. Qd4 Qg5 15. O-O c6 16. Bf3 Re8 17. Rfe1 Bf5 18. Rad1 Re7 19. e4 Rae8 20. Re3 dxe4 21. Be2 h5 22. Kh1 h4 23. Qd6 Rd7 0-1

[Event "January 9 Late 2024"]
[Site "https://www.chess.com"]
[Date "2024.01.09"]
[Round "2"]
[White "Martinez Alcantara, Jose Eduardo"]
[Black "Gubajdullin, Alexei"]
[Result "1-0"]
[Board "26"]
[TimeControl "180+1"]
[WhiteFideId "3805662"]
[BlackFideId "4141202"]
[WhiteElo "3008"]
[BlackElo "2649"]
[WhiteTeam "PER"]
[BlackTeam "RUS"]
[WhiteClock "0:00:35"]
[BlackClock "0:00:09"]

1. e4 e5 2. Nf3 Nf6 3. Nc3 Bb4 4. Nxe5 O-O 5. Nd3 Bxc3 6. dxc3 Nxe4 7. Be2 Re8 8. O-O d6 9. Nf4 Nd7 10. c4 Ndf6 11. Be3 b6 12. Bf3 Bb7 13. h3 Qd7 14. Re1 Qf5 15. Qd3 h5 16. Ne2 g5 17. Nd4 Qg6 18. Nb5 g4 19. hxg4 hxg4 20. Bxe4 Bxe4 21. Qd4 Re5 22. Nxc7 Rh5 23. Bf4 Bf3 24. Qxd6 Rc8 25. Re5 Rh8 26. Rg5 Qxg5 27. Bxg5 Ne4 28. Qf4 Rh5 29. gxf3 Nxg5 30. Qxg4 1-0

[Event "January 9 Late 2024"]
[Site "https://www.chess.com"]
[Date "2024.01.09"]
[Round "2"]
[White "Principe, Gerson"]
[Black "Xiong, Jeffery"]
[Result "0-1"]
[Board "27"]
[TimeControl "180+1"]
[WhiteFideId "3804550"]
[BlackFideId "2047640"]
[WhiteElo "2646"]
[BlackElo "3008"]
[WhiteTeam "PER"]
[BlackTeam "USA"]
[WhiteClock "0:00:01"]
[BlackClock "0:01:11"]

1. d4 d5 2. Nf3 Nf6 3. e3 c5 4. Be2 Nc6 5. O-O Bg4 6. Nbd2 e6 7. b3 cxd4 8. exd4 Bd6 9. Bb2 Qc7 10. c4 O-O 11. h3 Bh5 12. Ne5 Nxe5 13. c5 Nd3 14. cxd6 Qxd6 15. Bxh5 Nxb2 16. Bxf7+ Rxf7 17. Qc2 g5 18. Qxb2 g4 19. Qc3 Raf8 20. Rae1 h5 21. Qe3 gxh3 22. Qxh3 Qf4 23. Nf3 Qg4 24. Ne5 Qxh3 25. gxh3 Rg7+ 26. Kh2 Ne4 27. f3 Ng3 28. Rg1 Nf5 29. Rxg7+ Kxg7 30. Nd7 Re8 31. Nc5 Nxd4 32. Kg2 b6 33. Nd3 Kf6 34. Nf4 h4 35. Kf2 Rc8 0-1

[Event "January 9 Late 2024"]
[Site "https://www.chess.com"]
[Date "2024.01.09"]
[Round "2"]
[White "Deac, Bogdan-Daniel"]
[Black "Sun, Rick"]
[Result "1-0"]
[Board "28"]
[TimeControl "180+1"]
[WhiteFideId "1226380"]
[BlackFideId "30909481"]
[WhiteElo "3007"]
[BlackElo "2644"]
[WhiteTeam "ROU"]
[BlackTeam "USA"]
[WhiteClock "0:00:59"]
[BlackClock "0:00:17"]

1. b3 d6 2. Bb2 e5 3. e3 Nd7 4. d4 e4 5. d5 f5 6. Ne2 Ngf6 7. Nf4 Ne5 8. h4 c6 9. Nc3 Bd7 10. Qd2 Rc8 11. O-O-O c5 12. Bb5 c4 13. Ne6 Qa5 14. Bxd7+ Nfxd7 15. Kb1 Nc5 16. Nxf8 Rxf8 17. Nxe4 Qxd2 18. Nxd2 Ng4 19. Nxc4 Nxf2 20. Nxd6+ Kd7 21. Nxc8 Nxh1 22. Rxh1 Rxc8 23. Bxg7 Rg8 24. Bd4 Ne4 25. Kb2 Rxg2 26. Bxa7 Kd6 27. Rd1 Rd2 28. Rxd2 Nxd2 29. c4 b5 30. Kc3 Nb1+ 31. Kd3 h5 32. Bd4 Na3 33. Bb2 bxc4+ 34. bxc4 Nb1 35. Kc2 f4 36. exf4 1-0

[Event "January 9 Late 2024"]
[Site "https://www.chess.com"]
[Date "2024.01.09"]
[Round "2"]
[White "Skatchkov, Valery"]
[Black "Hakobyan, Aram"]
[Result "0-1"]
[Board "29"]
[TimeControl "180+1"]
[WhiteFideId "24195812"]
[BlackFideId "13306677"]
[WhiteElo "2643"]
[BlackElo "3002"]
[WhiteTeam "RUS"]
[BlackTeam "ARM"]
[WhiteClock "0:00:39"]
[BlackClock "0:01:10"]

1. d4 Nf6 2. c4 c5 3. d5 b5 4. Nf3 b4 5. Nbd2 g6 6. e4 d6 7. Bd3 Bg7 8. Nf1 O-O 9. Bf4 Nh5 10. Bc1 Bg4 11. Ng3 Nd7 12. Be2 a5 13. a4 bxa3 14. Rxa3 Qb6 15. O-O Rfb8 16. b3 Nxg3 17. hxg3 Bxf3 18. Bxf3 Bd4 19. Qc2 h5 20. Bd2 Kg7 21. Qa2 Ne5 22. Rb1 Nxc4 23. Ra4 Nxd2 24. Qxd2 Qb5 25. Be2 Qxa4 26. bxa4 Rxb1+ 27. Kh2 Bxf2 28. Bd3 Bg1+ 29. Kh3 Be3 0-1

[Event "January 9 Late 2024"]
[Site "https://www.chess.com"]
[Date "2024.01.09"]
[Round "2"]
[White "Antipov, Mikhail Al."]
[Black "Sivakumar, Shaaketh"]
[Result "1-0"]
[Board "30"]
[TimeControl "180+1"]
[WhiteFideId "4107012"]
[BlackFideId "30940176"]
[WhiteElo "2993"]
[BlackElo "2643"]
[WhiteTeam "FID"]
[BlackTeam "USA"]
[WhiteClock "0:00:40"]
[BlackClock "0:01:38"]

1. e4 e6 2. d4 d5 3. Nd2 c5 4. Ngf3 Nc6 5. exd5 exd5 6. Bb5 Qe7+ 7. Be2 Qc7 8. O-O Nf6 9. Re1 Be6 10. h3 cxd4 11. Nb3 Bd6 12. Nbxd4 O-O 13. Nb5 Qd7 14. Nxd6 Qxd6 15. c3 Ne4 16. Nd4 Ne5 17. Bf4 Nf3+ 18. gxf3 Qxf4 19. fxe4 Bxh3 20. Qd3 Qg5+ 21. Qg3 Qxg3+ 22. fxg3 dxe4 23. g4 h5 24. g5 g6 25. Kh2 Bd7 26. Kg3 Rae8 27. Kf4 f6 28. gxf6 Rxf6+ 29. Ke3 h4 30. Rh1 h3 31. Bf1 Ref8 32. Bxh3 Rf3+ 33. Nxf3 Rxf3+ 34. Kxe4 Rxh3 35. Rxh3 Bxh3 36. Ke5 Kf7 37. Rh1 Bd7 38. Rh7+ Ke8 39. Kf6 1-0

[Event "January 9 Late 2024"]
[Site "https://www.chess.com"]
[Date "2024.01.09"]
[Round "2"]
[White "Janaszak, Dawid"]
[Black "Shankland, Sam"]
[Result "0-1"]
[Board "31"]
[TimeControl "180+1"]
[WhiteFideId "1119206"]
[BlackFideId "2004887"]
[WhiteElo "2639"]
[BlackElo "2989"]
[WhiteTeam "POL"]
[BlackTeam "USA"]
[WhiteClock "0:00:03"]
[BlackClock "0:01:31"]

1. e4 c5 2. Nc3 Nc6 3. Bb5 Nd4 4. Nf3 e6 5. O-O a6 6. Bd3 Nc6 7. a3 Nf6 8. e5 Ng4 9. Re1 d6 10. exd6 Bxd6 11. Ne4 Be7 12. h3 Nf6 13. Qe2 Nd5 14. Bc4 b5 15. Ba2 O-O 16. d3 Bb7 17. c3 Qd7 18. Bd2 Rfd8 19. Rad1 Qc7 20. Bb1 h6 21. Ng3 Nf6 22. Bc1 Rd7 23. Nh2 Rad8 24. Ng4 Nxg4 25. Qxg4 Ne5 26. Qh5 Nxd3 27. Bxh6 gxh6 28. Qxh6 Qf4 29. Qh5 Qxf2+ 0-1

[Event "January 9 Late 2024"]
[Site "https://www.chess.com"]
[Date "2024.01.09"]
[Round "2"]
[White "Dominguez Perez, Leinier"]
[Black "Bressac, Stephane"]
[Result "1-0"]
[Board "32"]
[TimeControl "180+1"]
[WhiteFideId "3503240"]
[BlackFideId "655945"]
[WhiteElo "2982"]
[BlackElo "2635"]
[WhiteTeam "USA"]
[BlackTeam "FRA"]
[WhiteClock "0:00:26"]
[BlackClock "0:00:01"]

1. e4 d6 2. d4 Nf6 3. Nc3 e5 4. Nf3 Nbd7 5. Bc4 exd4 6. Qxd4 Be7 7. Bf4 Nb6 8. Bb3 O-O 9. O-O-O Be6 10. e5 dxe5 11. Bxe5 Qxd4 12. Nxd4 Bxb3 13. axb3 Bb4 14. Bxf6 Bxc3 15. bxc3 gxf6 16. Nf5 Rfe8 17. c4 Re5 18. g4 Rae8 19. f4 Ra5 20. Kb2 Kf8 21. Rhe1 Rxe1 22. Rxe1 Nd7 23. Re3 Nb6 24. Rh3 Kg8 25. Rd3 h5 26. h3 hxg4 27. hxg4 Rc5 28. Rd8+ Kh7 29. Rf8 Rc6 30. Rxf7+ Kg8 31. Re7 Kf8 32. Rh7 Nc8 33. Rh8+ 1-0

[Event "January 9 Late 2024"]
[Site "https://www.chess.com"]
[Date "2024.01.09"]
[Round "2"]
[White "Sherman, Raem"]
[Black "Yoo, Christopher Woojin"]
[Result "1/2-1/2"]
[Board "33"]
[TimeControl "180+1"]
[WhiteFideId "2822288"]
[BlackFideId "30909694"]
[WhiteElo "2633"]
[BlackElo "2979"]
[WhiteTeam "ISR"]
[BlackTeam "USA"]
[WhiteClock "0:02:24"]
[BlackClock "0:01:46"]

1. e4 c5 2. Nf3 d6 3. d4 cxd4 4. Nxd4 Nf6 5. Nc3 a6 6. Bg5 Nbd7 7. Bc4 Qa5 8. Qd2 g6 9. O-O h6 10. Nd5 Qxd2 11. Nc7+ Kd8 12. Nde6+ fxe6 13. Nxe6+ Ke8 14. Nc7+ Kd8 15. Ne6+ Ke8 16. Nc7+ Kd8 17. Ne6+ 1/2-1/2

[Event "January 9 Late 2024"]
[Site "https://www.chess.com"]
[Date "2024.01.09"]
[Round "2"]
[White "Chigaev, Maksim"]
[Black "Xhembulla, Aleksander"]
[Result "1-0"]
[Board "34"]
[TimeControl "180+1"]
[WhiteFideId "4108116"]
[BlackFideId "4705114"]
[WhiteElo "2978"]
[BlackElo "2633"]
[WhiteTeam "ESP"]
[BlackTeam "ALB"]
[WhiteClock "0:00:15"]
[BlackClock "0:00:00"]

1. c4 Nf6 2. g3 e5 3. Bg2 c6 4. d4 e4 5. d5 Bb4+ 6. Bd2 Qa5 7. d6 O-O 8. a3 Bxd2+ 9. Qxd2 Qe5 10. Nc3 Na6 11. b4 Re8 12. f4 exf3 13. Nxf3 Qh5 14. O-O b6 15. e4 Ng4 16. Rae1 Ne5 17. Nxe5 Qxe5 18. Rf5 Qe6 19. Ref1 Qxc4 20. Rxf7 Qxf7 21. Rxf7 Kxf7 22. e5 Bb7 23. Ne4 h6 24. Qf4+ Kg8 25. Qg4 Rxe5 26. Qxd7 Rb8 27. h4 c5 28. Nf6+ gxf6 29. Bxb7 Nxb4 30. axb4 cxb4 31. Qc7 Rf8 32. d7 Re1+ 33. Kf2 Rd1 34. Bf3 Rd4 35. Ke3 b3 36. Kxd4 b2 37. Be4 f5 38. Bb1 1-0

[Event "January 9 Late 2024"]
[Site "https://www.chess.com"]
[Date "2024.01.09"]
[Round "2"]
[White "Kozin, Yuri"]
[Black "Fressinet, Laurent"]
[Result "0-1"]
[Board "35"]
[TimeControl "180+1"]
[WhiteFideId "4129920"]
[BlackFideId "608742"]
[WhiteElo "2629"]
[BlackElo "2978"]
[WhiteTeam "RUS"]
[BlackTeam "FRA"]
[WhiteClock "0:00:17"]
[BlackClock "0:00:16"]

1. e4 c5 2. Nf3 Nc6 3. d4 cxd4 4. Nxd4 Nf6 5. Nc3 e5 6. Ndb5 d6 7. Bg5 a6 8. Na3 b5 9. Nd5 Be7 10. Bxf6 Bxf6 11. c3 Bg5 12. Nc2 Rb8 13. Be2 O-O 14. Qd3 f5 15. Bf3 Kh8 16. O-O a5 17. Rad1 b4 18. exf5 Bxf5 19. Be4 g6 20. cxb4 axb4 21. Nce3 Be6 22. Qa6 Nd4 23. Nc2 Bxd5 24. Nxd4 Bxe4 25. Ne6 Qe7 26. Nxf8 Qxf8 27. Qxd6 Qxd6 28. Rxd6 Bf5 29. Re1 e4 30. Rd5 Bf6 31. a3 b3 32. Rd2 Rc8 33. h3 Rc2 34. Ree2 e3 35. fxe3 Be4 36. a4 Bxb2 37. a5 Bc3 38. Rd8+ Kg7 39. Kf2 Rxe2+ 40. Kxe2 b2 41. Rb8 b1=Q 42. Rxb1 Bxb1 43. a6 Be4 0-1

[Event "January 9 Late 2024"]
[Site "https://www.chess.com"]
[Date "2024.01.09"]
[Round "2"]
[White "Salem, A.R. Saleh"]
[Black "Mokshanov, Alexey"]
[Result "1-0"]
[Board "36"]
[TimeControl "180+1"]
[WhiteFideId "9301348"]
[BlackFideId "24121657"]
[WhiteElo "2973"]
[BlackElo "2628"]
[WhiteTeam "UAE"]
[BlackTeam "RUS"]
[WhiteClock "0:00:16"]
[BlackClock "0:00:11"]

1. d4 d5 2. c4 e6 3. Nc3 Nf6 4. Nf3 Be7 5. Bg5 O-O 6. e3 c6 7. Qc2 Nbd7 8. h4 a6 9. c5 e5 10. Bxf6 Bxf6 11. O-O-O exd4 12. exd4 Re8 13. g4 Nf8 14. g5 Bg4 15. Be2 Bxf3 16. Bxf3 Be7 17. Kb1 Ne6 18. Rhg1 b6 19. Bg4 Bf8 20. cxb6 Qxb6 21. Ne2 Rab8 22. Rg3 c5 23. Rb3 Qc7 24. Rxb8 Rxb8 25. Bf5 g6 26. Bxe6 fxe6 27. h5 gxh5 28. Rh1 Qf7 29. Ng3 Bg7 30. Nxh5 Bxd4 31. Nf6+ Bxf6 32. gxf6 Kh8 33. Rh6 c4 34. Qc3 Rg8 35. a4 Rg6 36. Rxg6 Qxg6+ 37. Ka2 Kg8 38. Qa5 Qxf6 39. Qxa6 h5 40. a5 c3 41. Qc8+ Kg7 42. Qxc3 d4 43. Qg3+ Kh6 44. a6 e5 45. a7 Qe6+ 46. Qb3 Qa6+ 47. Qa3 Qc4+ 48. b3 Qe2+ 49. Kb1 Qd1+ 50. Qc1+ 1-0

[Event "January 9 Late 2024"]
[Site "https://www.chess.com"]
[Date "2024.01.09"]
[Round "2"]
[White "Martin Fuentes, Alberto"]
[Black "Anton Guijarro, David"]
[Result "0-1"]
[Board "37"]
[TimeControl "180+1"]
[WhiteFideId "2292289"]
[BlackFideId "2285525"]
[WhiteElo "2621"]
[BlackElo "2972"]
[WhiteTeam "ESP"]
[BlackTeam "ESP"]
[WhiteClock "0:00:00"]
[BlackClock "0:00:08"]

1. e4 c5 2. Nc3 Nc6 3. g3 Rb8 4. Bg2 b5 5. d3 b4 6. Nd5 e6 7. Ne3 Nf6 8. f4 d5 9. exd5 exd5 10. Nf3 Be7 11. O-O O-O 12. d4 Ba6 13. Re1 Rc8 14. a3 cxd4 15. Nxd4 Nxd4 16. Qxd4 Bc5 17. Qd1 bxa3 18. Kh1 Re8 19. bxa3 Ne4 20. Qf3 Bb7 21. Bb2 d4 22. Ng4 Bb6 23. Ne5 Rxc2 24. Qb3 Rxg2 25. Qxf7+ Kh8 26. Qxb7 Rxb2 27. Nf7+ Kg8 28. Nxd8 Nf2+ 29. Kg2 Ng4+ 30. Kh3 Nf2+ 31. Kg2 Rxd8 32. Kf3 d3 33. Re7 Bd4 34. Qc7 Rbb8 35. Qc4+ Kh8 0-1

[Event "January 9 Late 2024"]
[Site "https://www.chess.com"]
[Date "2024.01.09"]
[Round "2"]
[White "Svane, Frederik"]
[Black "Koksal, Ege"]
[Result "0-1"]
[Board "38"]
[TimeControl "180+1"]
[WhiteFideId "12923044"]
[BlackFideId "6317626"]
[WhiteElo "2966"]
[BlackElo "2617"]
[WhiteTeam "GER"]
[BlackTeam "TUR"]
[WhiteClock "0:00:00"]
[BlackClock "0:00:05"]

1. e4 e5 2. Nf3 Nf6 3. d4 Nxe4 4. Bd3 Nc6 5. Nxe5 Nxe5 6. dxe5 d5 7. Bxe4 dxe4 8. Qxd8+ Kxd8 9. Nc3 Bb4 10. Bg5+ Ke8 11. O-O-O Bg4 12. Rd4 Bxc3 13. bxc3 h6 14. Be3 Bf5 15. Rhd1 b6 16. h3 Ke7 17. g4 c5 18. Rd6 Be6 19. a4 Rhd8 20. a5 Rxd6 21. Rxd6 Rb8 22. axb6 axb6 23. Rxb6 Rxb6 24. Bxc5+ Kd7 25. Bxb6 h5 26. gxh5 Bxh3 27. Bc5 Bg4 28. Bf8 Bxh5 29. Bxg7 Kc6 30. Kd2 Kd5 31. Ke3 Bf3 32. Kf4 Kc4 33. Kf5 Kd5 34. Bh6 Kc4 35. Bd2 Kd5 36. Be3 Kc4 37. Bd4 Kd5 38. Kf6 Bh5 39. Ke7 Bg6 40. Kd7 Bh5 41. Kd8 Bg6 42. Kc7 Bh5 43. Kd7 Bg6 44. Ke7 Bh5 45. Kf6 Kc4 46. Kf5 Bf3 47. Kg5 Kd5 48. Kf6 Bh5 49. Be3 Kc4 50. Kf5 Kd5 51. Bc1 Bf3 52. Kf6 Bh5 53. Bd2 Kc4 54. Kf5 Kd5 55. Kf4 Bf3 56. Be3 Kc4 57. Kf5 Kd5 58. Bg5 Bh5 0-1

[Event "January 9 Late 2024"]
[Site "https://www.chess.com"]
[Date "2024.01.09"]
[Round "2"]
[White "Al-Tarboush, Ward"]
[Black "Kollars, Dmitrij"]
[Result "0-1"]
[Board "39"]
[TimeControl "180+1"]
[WhiteFideId "7601450"]
[BlackFideId "12909572"]
[WhiteElo "2617"]
[BlackElo "2964"]
[WhiteTeam "NOR"]
[BlackTeam "GER"]
[WhiteClock "0:00:02"]
[BlackClock "0:00:16"]

1. e4 e5 2. Nf3 Nc6 3. Bb5 Bc5 4. O-O Nd4 5. Nxd4 Bxd4 6. c3 Bb6 7. d4 c6 8. Bc4 d6 9. Be3 Nf6 10. f3 O-O 11. Qe2 exd4 12. cxd4 d5 13. exd5 Nxd5 14. Bxd5 Qxd5 15. Nc3 Qf5 16. Rad1 Be6 17. Bf2 Rad8 18. Rfe1 Qg6 19. Qe4 Bf5 20. Qh4 Be6 21. Qe4 Qh5 22. Qe5 Qh6 23. Be3 Qg6 24. d5 Bxe3+ 25. Rxe3 Bxd5 26. Red3 Rde8 27. Qg3 Be6 28. Qxg6 hxg6 29. Ne4 Bf5 30. Rb3 Bxe4 31. fxe4 Re7 32. Rd4 Rfe8 33. Ra4 b6 34. Kf2 c5 35. Kf3 f6 36. Rd3 g5 37. h3 Kf7 38. Rd6 Rc7 39. Rc4 Re6 40. Rd5 Ke7 41. b4 Rec6 42. b5 Rd6 43. Ra4 Rcd7 44. Ke3 Rxd5 45. exd5 Kd6 46. Ke4 Re7+ 47. Kd3 Kxd5 48. g3 f5 49. h4 g4 50. Rf4 Re5 51. a4 g6 52. Rf1 c4+ 53. Kd2 Kd4 54. Rf4+ Re4 55. Rf2 c3+ 56. Kc2 Kc4 57. h5 gxh5 58. Rxf5 Re2+ 59. Kd1 Rh2 60. Kc1 Kb3 61. Rf1 Kxa4 62. Rf4+ Kb3 63. Rf1 Rg2 64. Kb1 Rb2+ 65. Ka1 Ra2+ 66. Kb1 c2+ 67. Kc1 Ra1+ 68. Kd2 Rxf1 69. Ke2 Rf3 70. Kd2 Kb2 71. Ke2 h4 72. gxh4 c1=Q 0-1

[Event "January 9 Late 2024"]
[Site "https://www.chess.com"]
[Date "2024.01.09"]
[Round "2"]
[White "Korchynskyi, Mykola"]
[Black "Sjugirov, Sanan"]
[Result "0-1"]
[Board "40"]
[TimeControl "180+1"]
[WhiteFideId "34138005"]
[BlackFideId "4189302"]
[WhiteElo "2616"]
[BlackElo "2956"]
[WhiteTeam "UKR"]
[BlackTeam "HUN"]
[WhiteClock "0:00:00"]
[BlackClock "0:00:13"]

1. d4 Nf6 2. c4 e6 3. Nc3 Bb4 4. Qc2 O-O 5. a3 Bxc3+ 6. Qxc3 b6 7. Bg5 Bb7 8. e3 h6 9. Bh4 d6 10. Ne2 Nbd7 11. Qc2 c5 12. Rd1 Rc8 13. Nc3 Qe7 14. d5 exd5 15. Nxd5 Bxd5 16. cxd5 g5 17. Bg3 Ne4 18. Bd3 Ndf6 19. O-O c4 20. Be2 b5 21. Rd4 a6 22. Bf3 Rfe8 23. Rfd1 Rc5 24. a4 Nxg3 25. hxg3 Qe5 26. axb5 axb5 27. b4 Rcc8 28. Ra1 Ra8 29. Ra5 Rxa5 30. bxa5 Ra8 31. Qa2 h5 32. a6 g4 33. Be2 Nxd5 34. Bxc4 bxc4 35. Qxc4 Nf6 36. Qc6 Qe8 37. Qxd6 Qe6 38. Qc7 Rxa6 39. Qf4 Kh7 40. Qg5 Rd6 41. Rf4 Rc6 42. e4 Nxe4 43. Qxh5+ Kg7 44. Rxg4+ Kf8 45. Rf4 Nf6 46. Qh6+ Ke7 47. Qg5 Rc1+ 48. Kh2 Rc6 49. Rf3 Kf8 50. Qh6+ Kg8 51. Qg5+ Kh7 52. Qh4+ Kg6 53. Rf4 Rc5 54. g4 Rg5 55. f3 Qe5 56. Qg3 Nd5 57. Re4 Qxg3+ 58. Kxg3 Nf6 59. Ra4 Rc5 60. Ra6 Kg7 61. Kf4 Rc4+ 62. Kg3 Rc3 63. Ra5 Ne4+ 64. Kf4 Nd6 65. Rg5+ Kf6 66. Ra5 Rc4+ 67. Kg3 Ke6 68. Rh5 Rc2 69. Rh6+ f6 70. Rh1 Nc4 71. Re1+ Kf7 72. Ra1 Ne3 73. Rg1 Kg6 74. Kf4 Nxg2+ 75. Kg3 Ne3 76. Ra1 Rc4 77. Ra8 Nf1+ 78. Kf2 Nd2 79. Ke3 Nb3 80. Rg8+ Kf7 81. Rb8 Rc3+ 82. Kf2 Nc5 83. Rc8 Rc2+ 84. Kg3 Ne4+ 0-1

[Event "January 9 Late 2024"]
[Site "https://www.chess.com"]
[Date "2024.01.09"]
[Round "2"]
[White "Nguyen, Ngoc Truong Son"]
[Black "Poltorak, Sebastian"]
[Result "1-0"]
[Board "41"]
[TimeControl "180+1"]
[WhiteFideId "12401110"]
[BlackFideId "1199498"]
[WhiteElo "2946"]
[BlackElo "2615"]
[WhiteTeam "VIE"]
[BlackTeam "POL"]
[WhiteClock "0:00:06"]
[BlackClock "0:00:05"]

1. d4 Nf6 2. c4 g6 3. Nc3 d5 4. h4 c6 5. cxd5 cxd5 6. Bf4 Bg7 7. e3 a6 8. h5 Nxh5 9. Rxh5 gxh5 10. Qxh5 e6 11. Nf3 Nd7 12. Ng5 Qf6 13. Nxe6 Qxe6 14. Nxd5 O-O 15. Bd3 h6 16. Nc7 Qb6 17. Nxa8 Qxb2 18. Rd1 Nf6 19. Qe2 Qa3 20. Nc7 Bd7 21. Kf1 Rc8 22. Be5 Qc3 23. Bxf6 Qxc7 24. Bxg7 Qh2 25. Qf3 Kxg7 26. Ke2 h5 27. Qxb7 Bg4+ 28. Kd2 Rc7 29. Qe4 Bxd1 30. Qh7+ Kf8 31. Kxd1 Qg1+ 32. Ke2 Qc1 33. Qh8+ Ke7 34. Qe5+ Kf8 35. Qh8+ Ke7 36. Qxh5 Qb2+ 37. Kf3 Qb7+ 38. Be4 Qb6 39. Qe5+ Kf8 40. g4 Rc1 41. Qh8+ Ke7 42. Qe5+ Kf8 43. g5 Rg1 44. Qh8+ Ke7 45. Qe5+ Kf8 46. d5 Qc5 47. Qh8+ Ke7 48. Qf6+ Kf8 49. Qd8+ Kg7 50. Qf6+ Kf8 51. g6 Qe7 52. Qh8# 1-0

[Event "January 9 Late 2024"]
[Site "https://www.chess.com"]
[Date "2024.01.09"]
[Round "2"]
[White "Bjelobrk, Igor"]
[Black "Sargsyan, Shant"]
[Result "0-1"]
[Board "42"]
[TimeControl "180+1"]
[WhiteFideId "4300726"]
[BlackFideId "13306766"]
[WhiteElo "2613"]
[BlackElo "2943"]
[WhiteTeam "AUS"]
[BlackTeam "ARM"]
[WhiteClock "0:01:09"]
[BlackClock "0:01:36"]

1. d4 g6 2. e4 Nf6 3. Bd3 d6 4. Nf3 Bg7 5. O-O Nc6 6. c3 O-O 7. Re1 e5 8. dxe5 dxe5 9. Bg5 h6 10. Bh4 Qe7 11. Nbd2 Rd8 12. Qc2 a5 13. a4 Be6 14. Bc4 g5 15. Bg3 Nd7 16. Bxe6 Qxe6 17. Nf1 Nc5 18. Ne3 Qb3 19. Qxb3 Nxb3 20. Rad1 Nc5 21. Nd5 Nxa4 22. Nxc7 Rac8 23. Rxd8+ Rxd8 24. Nd5 f5 25. c4 f4 26. b3 Nc5 27. Nd2 fxg3 28. hxg3 Nd4 0-1